 Dungeon Crawl Stone Soup version 0.19.0 (webtiles) character file.

682 Lyric the Quickloader (level 7, -2/38 HPs)
             Began as a Kobold Hunter on Nov 16, 2016.
             Was an Initiate of Hepliaklqana.
             Slain by a worker ant (4 damage)
             ... on level 5 of the Dungeon.
             The game lasted 00:31:23 (3651 turns).

Lyric the Quickloader (Kobold Hunter)               Turns: 3651, Time: 00:31:23

Health: -2/38      AC:  3    Str: 10    XL:     7   Next: 93%
Magic:  7/7        EV: 14    Int: 12    God:    Hepliaklqana [......]
Gold:   128        SH:  4    Dex: 17    Spells: 0 memorised, 6 levels left

rFire  . . .     SeeInvis .     b - +0 short sword
rCold  . . .     Gourm    .     c - +0 leather armour
rNeg   . . .     Faith    .     s - +0 buckler
rPois  .         Spirit   .     (no helmet)
rElec  .         Reflect  .     (no cloak)
rCorr  .         Harm     .     (no gloves)
MR     .....                    (no boots)
Stlth  ++........               (no amulet)
                                (no ring)
                                (no ring)

@: lethally poisoned (-2 -> -8)
A: reduced essence, carnivore 3
a: Recall Ancestor, Ancestor Identity, Renounce Religion


You were on level 5 of the Dungeon.
You worshipped Hepliaklqana.
Hepliaklqana was noncommittal.
You were not hungry.

You visited 1 branch of the dungeon, and saw 5 of its levels.

You collected 128 gold pieces.

Inventory:

Hand Weapons
 a - a +1 hand crossbow
 b - a +0 short sword (weapon)
 n - a +0 hunting sling
Missiles
 d - 29 bolts
 h - 92 stones (quivered)
 j - 51 sling bullets
 q - 5 javelins
Armour
 c - a +0 leather armour (worn)
 s - a +0 buckler (worn)
Wands
 r - a wand of random effects (16/48)
Scrolls
 l - 4 scrolls of amnesia
 m - 2 scrolls of remove curse
Potions
 e - a potion of curing
 g - a potion of degeneration {unknown}
Comestibles
 f - 3 meat rations
 i - 3 bread rations
 o - a royal jelly
 p - a slice of pizza
 t - a chunk of flesh


   Skills:
 + Level 4.2 Fighting
 + Level 0.3 Short Blades
 + Level 8.7 Crossbows
 + Level 2.6 Armour
 + Level 2.9 Dodging
 + Level 2.2 Stealth


You had 6 spell levels left.
You didn't know any spells.

Dungeon Overview and Level Annotations

Branches:
Dungeon (5/15)
 Temple: D:4-7

Altars:
Hepliaklqana
Vehumet


Innate Abilities, Weirdness & Mutations

You are small and have problems with some larger weapons.
You are carnivorous and can eat meat at any time.
Your life essence is reduced. (-10% HP)


Message History

The worker ant bites you but does no damage.
You closely miss the worker ant.
The worker ant is almost dead.
Cihuaton closely misses the crimson imp.
The worker ant completely misses you.
The crimson imp shouts, "Get thee gone, thou qualling spleeny fustilarian!"
The crimson imp hits you but does no damage.
You hit the worker ant but do no damage.
The worker ant is almost dead.
The worker ant misses you.
Cihuaton hits the crimson imp.
The crimson imp closely misses Cihuaton.
You closely miss the worker ant.
The worker ant is almost dead.
The worker ant bites you.
* * * LOW HITPOINT WARNING * * *
You are lethally poisoned!
The worker ant poisons you!
Cihuaton misses the crimson imp.
The crimson imp completely misses Cihuaton.
The worker ant bites you.
You die...

#........# ..........
#........## ##
........ .# ...#.# .#
#.#.#.## .# #(.(..##
.#
#.#....R#####.#####.
#....###.5@ao........
...... #.#####.####..
#.####. #.# .# # #.
... .# ## ## #### .#
.! .# .. .# .# .# #


You could see the friendly Cihuaton the ancestor, a worker ant, a crimson imp
and an orc.

Vanquished Creatures
  The ghost of TheGoonsmith the Skirmisher, an amateur VSSu (D:3)
  A scorpion (D:4)
  A howler monkey (D:4)
  A jelly (D:5)
  2 worker ants (D:5)
  An iguana (D:4)
  An orc wizard (D:5)
  A worker ant zombie (D:5)
  2 gnolls (D:4)
  3 adders
  2 oozes
  3 worms (D:2)
  3 dart slugs
  A leopard gecko (D:4)
  4 orcs
  7 bats
  A giant cockroach (D:3)
  5 goblins
  3 hobgoblins
  5 jackals (D:2)
  A quokka (D:3)
  A ball python (D:1)
  6 frilled lizards
  2 kobolds (D:1)
  4 rats
62 creatures vanquished.

Vanquished Creatures (collateral kills)
  A jelly (D:5)
  2 iguanas
  An orc wizard (D:5)
  2 worker ants
  2 gnolls (D:4)
  A ball python (D:4)
  A quokka (D:4)
10 creatures vanquished.

Vanquished Creatures (others)
  An ancestor (D:5)
1 creature vanquished.

Grand Total: 73 creatures vanquished

Notes
Turn   | Place    | Note
-------+----------+-------------------------------------------
     0 | D:1      | Lyric the Kobold Hunter began the quest for the Orb.
     0 | D:1      | Reached XP level 1. HP: 12/12 MP: 1/1
   128 | D:1      | Reached skill level 5 in Crossbows
   281 | D:1      | Reached XP level 2. HP: 17/17 MP: 2/2
   858 | D:2      | Found a radiant altar of Vehumet.
   862 | D:2      | Reached XP level 3. HP: 22/22 MP: 3/3
  1413 | D:2      | Reached skill level 6 in Crossbows
  1653 | D:3      | Noticed TheGoonsmith's ghost (amateur VSSu)
  1672 | D:3      | Killed TheGoonsmith's ghost
  1672 | D:3      | Reached skill level 7 in Crossbows
  1672 | D:3      | Reached skill level 1 in Armour
  1672 | D:3      | Reached XP level 4. HP: 20/28 MP: 4/4
  1672 | D:3      | Reached XP level 5. HP: 23/32 MP: 5/5
  1672 | D:3      | Reached XP level 6. HP: 26/37 MP: 6/6
  1935 | D:3      | Found a hazy altar of Hepliaklqana.
  1941 | D:3      | Became a worshipper of Hepliaklqana the Forgotten
  2641 | D:4      | Reached XP level 7. HP: 36/36 MP: 7/7
  2646 | D:4      | Reached skill level 8 in Crossbows
  3175 | D:5      | Entered Level 5 of the Dungeon
  3651 | D:5      | Slain by a worker ant

Skill      XL: |  1  2  3  4  5  6  7 |
---------------+----------------------+-----
Crossbows      | 5 7 8 |  8.7
Fighting       | 3 4 |  4.2
Armour         | 1 2 |  2.6
Stealth        | 2 |  2.2
Short Blades   | |  0.3
Dodging        | |  2.9

Action                   |  1- 3 |  4- 6 |  7- 9 || total
-------------------------+-------+-------+-------++-------
Melee: Short sword       |       |       |    75 ||    75
       Hand crossbow     |       |       |     1 ||     1
 Fire: Hand crossbow     |   100 |    38 |    39 ||   177
  Use: Scroll            |     2 |       |     3 ||     5
       Potion            |       |       |     5 ||     5
  Eat: Chunk             |     6 |     1 |     3 ||    10
Armor: Leather armour    |     8 |     1 |    14 ||    23
Dodge: Dodged            |    28 |     5 |    54 ||    87
Block: Buckler           |       |       |    16 ||    16
